 Dungeon Crawl Stone Soup version 0.30-a0-331-g8ab09dc110 (webtiles) character file.

Game seed: 15216974165163358203

29081 p00ps00p the Blocker (level 13, -1/119 HPs)
             Began as a Hill Orc Fighter on Oct 29, 2022.
             Was an Initiate of Gozag.
             Slain by a death yak (15 damage)
             ... on level 2 of the Lair of Beasts.
             The game lasted 00:42:24 (12122 turns).

p00ps00p the Blocker (Hill Orc Fighter)            Turns: 12122, Time: 00:42:25

Health: -1/119     AC: 17    Str: 33    XL:     13   Next: 43%
Magic:  13/13      EV: 11    Int: 11    God:    Gozag
Gold:   2672       SH:  7    Dex: 10    Spells: 12/12 levels left

rFire   . . .      SeeInvis +    j - +6 hand axe "Killer Klown's Death" {vamp, rPois rF- rC- Str+9}
rCold   + + .      Faith    .    c - +0 buckler
rNeg    . . .      Spirit   .    J - +0 steam dragon scales
rPois   +          Reflect  .    x - +0 helmet of Trumpets {Will+ Int+3}
rElec   +          Harm     .    g - scarf {rC+ rF+}
rCorr   .          Rampage  .    V - +2 pair of gloves "Otagaem" {rElec rC++}
Will    +....                    (no boots)
Stlth   +.........               h - amulet of regeneration
HPRegen 1.19/turn                w - ring of see invisible
MPRegen 0.13/turn                S - +4 ring of protection

@: gold aura
A: no striking features
a: Renounce Religion, Potion Petition, Call Merchant, Bribe Branch


You were on level 2 of the Lair of Beasts.
You worshipped Gozag.
Gozag was most pleased with you.
You visited 2 branches of the dungeon, and saw 12 of its levels.
You also visited: Ossuary and Bailey.

You collected 2855 gold pieces.
You spent 108 gold pieces at shops.
You paid 75 gold pieces to Gozag.

Inventory:

Hand Weapons
 j - the +6 hand axe "Killer Klown's Death" (weapon) {vamp, rPois rF- rC- Str+9}
   (You found it on level 2 of the Dungeon)

   It occasionally heals its wielder for a portion of the damage dealt when it
   wounds a living foe.
   Str:       It affects your strength (+9).
   rF:        It makes you vulnerable to fire.
   rC:        It makes you vulnerable to cold.
   rPois:     It protects you from poison.
 k - the +9 staff of Olgreb {rPois∞}
   (You found it on level 8 of the Dungeon)

   If the wielder is skilled in Evocations, they can envenom those struck by it,
   dealing poison damage which bypasses armour.
   It enhances your poison magic.
   It grants immunity to poison.
   It can be activated via the 'a'bility menu to radiate toxic energy, with
   effectiveness depending on Evocations skill.
 W - the +7 hand axe of Pofrugiu {elec, +Blink rPois Will- Dex+4}
   (You found it on level 9 of the Dungeon)

   It occasionally discharges a powerful burst of electricity upon striking a
   foe.
   Dex:       It affects your dexterity (+4).
   rPois:     It protects you from poison.
   +Blink:    It lets you blink.
   Will:      It decreases your willpower.
Missiles
 G - 11 poisoned darts (quivered)
 T - 2 throwing nets
Armour
 c - a +0 buckler (worn)
 g - a scarf of resistance (worn)
 x - the +0 helmet of Trumpets (worn) {Will+ Int+3}
   (You found it on level 3 of the Dungeon)

   Int:       It affects your intelligence (+3).
   Will:      It increases your willpower.
 I - a +0 tower shield
 J - +0 steam dragon scales (worn)
 V - the +2 pair of gloves "Otagaem" (worn) {rElec rC++}
   (You found it on level 9 of the Dungeon)

   rC:        It greatly protects you from cold.
   rElec:     It insulates you from electricity.
Jewellery
 h - an amulet of regeneration (around neck)
 w - a ring of see invisible (left hand)
 S - a +4 ring of protection (right hand)
Wands
 b - a wand of quicksilver (17)
 D - a wand of mindburst (8)
 K - a wand of iceblast (10)
 O - a wand of paralysis (9)
 R - a wand of polymorph (2)
 Z - a wand of flame (30)
Scrolls
 a - 2 scrolls of enchant armour {unknown}
 e - a scroll of summoning
 l - a scroll of fear {unknown}
 m - 2 scrolls of blinking
 o - 5 scrolls of teleportation
 t - 2 scrolls of enchant weapon {unknown}
 u - 4 scrolls of magic mapping {unknown}
 y - 3 scrolls of poison
 B - a scroll of silence {unknown}
 C - a scroll of noise {unknown}
 Q - 2 scrolls of brand weapon {unknown}
 U - a scroll of acquirement {unknown}
Potions
 d - 2 potions of resistance
 f - a potion of curing
 i - 3 potions of heal wounds
 n - 8 potions of flight
 p - 2 potions of invisibility {unknown}
 s - 5 potions of cancellation
 z - 3 potions of haste {unknown}
 A - 8 potions of mutation
 H - a potion of ambrosia {unknown}
 L - 3 potions of magic
 M - 3 potions of might
 N - 2 potions of experience {unknown}
Miscellaneous
 X - a phantom mirror
 Y - a tin of tremorstones (2/2)


   Skills:
 - Level 12.8 Fighting
 - Level 13.6 Axes
 + Level 13.7 Armour
 + Level 13.7 Shields


You had 12 spell levels left.
You didn't know any spells.
Your spell library contained the following spells:

 Spells                   Type           Power      Damage    Failure   Level
 Foxfire                  Conj/Fire      0%         2x1d4     38%         1
 Freeze                   Ice            0%         1d3       38%         1
 Kiss of Death            Conj/Necr      0%         2d5       38%         1
 Necrotise                Necr           0%         1d4       38%         1
 Slow                     Hex            0%         N/A       38%         1
 Sublimation of Blood     Necr           0%         N/A       52%         2
 Wereblood                Tmut           0%         N/A       52%         2
 Confusing Touch          Hex            0%         N/A       77%         3
 Frozen Ramparts          Ice            0%         1d1       77%         3
 Hailstorm                Conj/Ice       0%         3d3       77%         3
 Summon Guardian Golem    Hex/Summ       0%         N/A       77%         3
 Vampiric Draining        Necr           0%         2d6       77%         3
 Dispel Undead            Necr           0%         3d6       99%         4
 Petrify                  Tmut/Erth      0%         N/A       99%         4
 Agony                    Necr           0%         N/A       100%        5
 Metabolic Englaciation   Hex/Ice        0%         N/A       100%        5
 Statue Form              Tmut/Erth      0%         N/A       100%        6
 Orb of Destruction       Conj           0%         9d5       100%        7
 Spellforged Servitor     Conj/Summ      0%         N/A       100%        7
 Summon Hydra             Summ           0%         N/A       100%        7


Dungeon Overview and Level Annotations

Branches:
Dungeon (10/15)            Temple (0/1) D:6            Lair (2/5) D:10
Ossuary (visited)          Bailey (visited)
  Swamp: Lair:2-3    Shoals: Lair:2-3     Snake: Lair:2-3    Spider: Lair:2-3
    Orc: D:9-12

Altars:
Cheibriados
Gozag
Hepliaklqana
Kikubaaqudgha
Okawaru
Ru
Sif Muna
Trog
Uskayaw
Vehumet
Xom

Shops:
D:7 ?*

Annotations:
D:8 1 runed translucent door


Message History

The death yak gores you but does no damage.
You slash the death yak!
You feel better.
You kill the death yak!
You barely miss the death yak.
The death yak is lightly wounded.
You slash the death yak!
You feel better.
The death yak is moderately wounded.
The death yak gores you!!
You hit the death yak but do no damage.
The death yak is lightly wounded.
You hit the death yak.
You feel better.
The death yak is distracted by your dazzling golden aura.
The death yak attacks as you move away! The death yak gores you!!
The death yak bellows!
The death yak is no longer distracted by gold.
The death yak is distracted by your dazzling golden aura.
The death yak bellows!
You hit the death yak.
You feel better.
The death yak is almost dead.
You block the death yak's attack.
You slash the death yak!
You kill the death yak!
You completely miss the death yak. The death yak gores you!!
* * * LOW HITPOINT WARNING * * *
You slash the death yak!
You feel better.
The death yak is moderately wounded.
You slash the death yak!
You feel much better. The death yak closely misses you.
You hit the death yak.
You feel better.
The death yak is lightly wounded.
The death yak gores you! The death yak gores you.
The death yak gores you but does no damage.
The death yak gores you but does no damage.
The death yak gores you!
* * * LOW HITPOINT WARNING * * *
The death yak attacks as you move away! The death yak gores you!
* * * LOW HITPOINT WARNING * * *
The death yak gores you!
You die...
Your body crumbles into a pile of gold.

######## #### ###.#..#P###..#
#..#..........##
##..............#
#.....###.......##
##...#.####......###### ### #
##......~..#..#.#Y#.#.#####.##.##
...#..~≈≈≈~#....@.Y$Y.$.....$.Y..
#^.#..≈≈≈~.##....Y#......###.Y.#.
##.##~~≈≈~.##.P###.......# ...#.#
#P.##.~~~~.~#...###P.....##......
#...#.~...~#......#......##......
#.....#####.......#......##......
#.....##?..........+.....##.....#
##.............P.##P.....##.....#
#P.P.##......##P.###.....


You could see 4 death yaks.

Vanquished Creatures
  Gastronok (Lair:2)
  3 centaur warriors
  2 boulder beetles (D:9)
  A two-headed ogre (D:10)
  4 death yaks
  A deep elf pyromancer (D:9)
  A wizard (D:9)
  An ugly thing (D:9)
  7 elephants (Lair:1)
  A torpor snail (Lair:1)
  Joseph (D:8)
  A rime drake (Lair:1)
  Maggie (D:6)
  2 cane toads (Lair:1)
  A kobold demonologist (D:9)
  A freezing wraith (D:10)
  2 komodo dragons
  A polar bear (Lair:2)
  2 trolls (D:9)
  A slime creature (D:9)
  8 blink frogs
  Grinder (D:3)
  A shadow (D:9)
  2 vampires
  A wraith (D:9)
  5 wyverns
  A basilisk (D:10)
  Eustachio (D:5)
  23 yaks
  4 redbacks (D:8)
  2 steam dragons (D:9)
  Menkaure (D:4)
  2 acid dragons
  Duvessa (D:6)
  10 water moccasins
  3 orc warriors
  4 black bears
  3 ice beasts
  7 wolves
  A centaur (D:9)
  An ogre (D:7)
  2 phantoms
  2 kobold brigands (D:9)
  4 necrophages
  Blork the orc (D:6)
  2 gnoll sergeants
  8 bullfrogs
  6 scorpions
  5 wights
  Dowan (D:6)
  20 killer bees
  2 howler monkeys (D:7)
  An electric eel (D:7)
  2 bullfrog zombies (Ossuary)
  2 jellies
  2 centaur zombies (Ossuary)
  4 hounds (D:5)
  2 human zombies (Ossuary)
  Crazy Yiuf (D:6)
  5 orc priests
  4 hell rats (Lair:1)
  6 iguanas
  12 orc wizards
  Robin (D:3)
  12 adders
  12 gnolls
  2 shadow imps
  3 white imps
  An ufetubus (D:5)
  An adder zombie (Ossuary)
  A worm (D:3)
  3 dart slugs
  50 orcs
  2 ball pythons (D:1)
  2 endoplasms
  3 giant cockroaches
  16 goblins
  5 hobgoblins
  8 jackals
  A quokka (D:3)
  3 bats (D:1)
  5 frilled lizards
  2 gnoll zombies (Ossuary)
  3 goblin zombies
  17 kobolds
  5 orc zombies (Ossuary)
  6 rats
  A rat zombie (D:4)
376 creatures vanquished.

Vanquished Creatures (collateral kills)
  An orc warrior (Bailey)
  A gnoll (Bailey)
2 creatures vanquished.

Vanquished Creatures (others)
  A vampire (D:9)
  A demonic plant (D:2)
  7 fungi
  17 plants
  A withered plant (D:2)
27 creatures vanquished.

Grand Total: 405 creatures vanquished

Notes
Turn   | Place    | Note
-------+----------+-------------------------------------------
     0 | D:1      | p00ps00p the Hill Orc Fighter began the quest for the Orb.
     0 | D:1      | Reached XP level 1. HP: 19/19 MP: 1/1
   169 | D:1      | Reached XP level 2. HP: 27/27 MP: 2/2
   835 | D:1      | Reached XP level 3. HP: 34/34 MP: 3/3
  1241 | D:2      | Found a faded altar of an unknown god.
  1309 | D:2      | Identified the +6 hand axe "Killer Klown's Death" {vamp,
                  | rPois rF- rC- Str+9}
  2033 | D:3      | Noticed Grinder
  2045 | D:3      | Killed Grinder
  2046 | D:3      | Reached XP level 4. HP: 23/44 MP: 4/4
  2046 | D:3      | Reached XP level 5. HP: 26/50 MP: 5/5
  2046 | D:3      | Reached XP level 6. HP: 29/57 MP: 6/6
  2123 | D:3      | Found a snail-covered altar of Cheibriados.
  2352 | D:3      | Noticed Robin
  2365 | D:3      | Killed Robin
  2417 | D:3      | Identified the +0 helmet of Trumpets {Will+ Int+3}
  2705 | D:4      | Found a sand-covered staircase.
  2713 | Ossuary  | Entered an ossuary
  2741 | Ossuary  | Reached XP level 7. HP: 61/64 MP: 7/7
  2867 | Ossuary  | Noticed a silent spectre
  2981 | D:4      | Noticed Menkaure
  2988 | D:4      | Killed Menkaure
  3776 | D:5      | Entered Level 5 of the Dungeon
  3799 | D:5      | Reached XP level 8. HP: 74/74 MP: 8/8
  4225 | D:5      | Noticed Eustachio
  4244 | D:5      | Killed Eustachio
  4253 | D:5      | Found an opulent altar of Gozag.
  4278 | D:5      | Reached skill level 10 in Axes
  4285 | D:5      | Became a worshipper of Gozag Ym Sagoz the Greedy
  4785 | D:5      | Reached skill level 10 in Fighting
  4792 | D:5      | Reached XP level 9. HP: 78/85 MP: 9/9
  4907 | D:6      | Found an ancient bone altar of Kikubaaqudgha.
  5023 | D:6      | Noticed Blork the orc
  5029 | D:6      | Killed Blork the orc
  5066 | D:6      | Found a shimmering blue altar of Sif Muna.
  5090 | D:6      | Got Sif Muna's Parchment of Searing Imprecation
  5186 | D:6      | Found a bloodstained altar of Trog.
  5262 | D:6      | Noticed Duvessa
  5269 | D:6      | Noticed Dowan
  5274 | D:6      | Killed Duvessa
  5287 | D:6      | Killed Dowan
  5326 | D:6      | Noticed Maggie
  5354 | D:6      | Killed Maggie
  5415 | D:6      | Identified the +0 robe "Dolitipt" {rN+ Dex-2 Slay+3 Stlth+}
  5519 | D:6      | Found a staircase to the Ecumenical Temple.
  5609 | D:6      | Found a runed translucent door.
  5610 | D:6      | Noticed Crazy Yiuf
  5910 | D:6      | Killed Crazy Yiuf
  6024 | D:7      | Found a flagged portal.
  6062 | Bailey   | Entered a bailey
  6650 | D:7      | Found an iron altar of Okawaru.
  6658 | D:7      | Reached XP level 10. HP: 77/87 MP: 10/10
  6744 | D:7      | Found Onniurr's Magic Scroll Shoppe.
  6758 | D:7      | Found Ziel Mill's General Store.
  6795 | D:7      | Bought 2 scrolls of identify for 52 gold pieces
  6795 | D:7      | Bought a scroll of identify for 26 gold pieces
  7017 | D:7      | Found a sacrificial altar of Ru.
  7391 | D:7      | Bought a scroll of identify for 30 gold pieces
  7509 | D:8      | Found the +9 staff of Olgreb {rPois∞}
  7526 | D:8      | Found a runed translucent door.
  7535 | D:8      | Found a runed translucent gate.
  7535 | D:8      | Found a runed translucent gate.
  7536 | D:8      | Found a runed translucent door.
  7549 | D:8      | Found a runed translucent gate.
  7608 | D:8      | Reached skill level 5 in Armour
  7608 | D:8      | Reached skill level 5 in Shields
  7904 | D:8      | Found a faded altar of an unknown god.
  7907 | D:8      | Found a hazy altar of Hepliaklqana.
  8141 | D:8      | Noticed a +0 hand axe
  8141 | D:8      | Noticed a +0 dagger
  8145 | D:8      | Noticed Joseph
  8165 | D:8      | Killed Joseph
  8166 | D:8      | Reached XP level 11. HP: 81/106 MP: 11/11
  8201 | D:8      | Found a hide-covered altar of Uskayaw.
  8661 | D:9      | Noticed a sixfirhy
  8667 | D:9      | Noticed a sixfirhy
  8883 | D:9      | Found a shimmering altar of Xom.
  9220 | D:9      | Noticed a brown ugly thing
  9220 | D:9      | Noticed a boulder beetle
  9220 | D:9      | Noticed a boulder beetle
  9220 | D:9      | Noticed a wizard
  9220 | D:9      | Noticed a deep elf pyromancer
  9220 | D:9      | Noticed a centaur warrior
  9220 | D:9      | Noticed a centaur warrior
  9233 | D:9      | Killed a brown ugly thing
  9256 | D:9      | Killed a centaur warrior
  9276 | D:9      | Killed a deep elf pyromancer
  9297 | D:9      | Killed a centaur warrior
  9302 | D:9      | Killed a wizard
  9316 | D:9      | Killed a boulder beetle
  9337 | D:9      | Killed a boulder beetle
  9380 | D:9      | Identified the +7 hand axe of Pofrugiu {elec, +Blink rPois
                  | Will- Dex+4}
  9381 | D:9      | Identified the +2 pair of gloves "Otagaem" {rElec rC++}
  9668 | D:10     | Entered Level 10 of the Dungeon
  9720 | D:10     | Reached skill level 10 in Armour
  9720 | D:10     | Reached skill level 10 in Shields
  9720 | D:10     | Reached XP level 12. HP: 91/113 MP: 12/12
  9748 | D:10     | Noticed a centaur warrior
  9772 | D:10     | Killed a centaur warrior
 10011 | D:10     | Found a radiant altar of Vehumet.
 10251 | D:10     | Found a staircase to the Lair.
 10283 | D:10     | Noticed a two-headed ogre
 10294 | D:10     | Killed a two-headed ogre
 10648 | Lair:1   | Entered Level 1 of the Lair of Beasts
 10692 | Lair:1   | Noticed a death yak
 10692 | Lair:1   | Noticed a death yak
 10707 | Lair:1   | Killed a death yak
 10717 | Lair:1   | Killed a death yak
 11311 | Lair:1   | Reached XP level 13. HP: 119/119 MP: 13/13
 11931 | Lair:2   | Noticed Gastronok
 11981 | Lair:2   | Killed Gastronok
 12122 | Lair:2   | Slain by a death yak

Illustrated notes

Levels and vault maps discovered:
D:1:      dpeg_arrival_signposts, layout_basic
D:2:      layout_basic, shapermc_ecumenical_altar_gd
D:3:      layout_rooms, mainiacjoe_overflow_chevrons, uniq_robin, uniq_grinder
D:4:      layout_basic, enter_ossuary_4, uniq_menkaure
D:5:      layout_basic, mainiacjoe_overflow_concentric_impassable,
          uniq_eustachio
D:6:      layout_loops_cross, mainiacjoe_overflow_24_doors,
          nzn_overflow_gifts_of_might_and_magic, minmay_temple_entry_slanted,
          grunt_decor_junction, uniq_blork_the_orc, uniq_crazy_yiuf_cottage,
          uniq_maggie, uniq_duvessa
D:7:      black_bear_nest_2, layout_cave_pools, marbit_many_paths,
          mainiacjoe_overflow_paths, enter_bailey_5, nicolae_wooded_promenade,
          minmay_misc_feat_hallway
D:8:      layout_basic, beargit_hepliaklqana_dungeon_heroes,
          dancing_weapons_uskayaw, chequers_jeans, amcnicky_mini_pool_small,
          minmay_guarded_unrand_staff_of_olgreb, uniq_joseph
D:9:      minmay_the_grid_triangle_9x9_recursive_2
          [minmay_the_grid_triangle_9x9_prize_insulated,
          minmay_the_grid_triangle_9x9_corrupted_corridor,
          minmay_the_grid_triangle_9x9_checkered,
          minmay_the_grid_triangle_9x9_intruding_spiral], layout_stronghold,
          mainiacjoe_overflow_small_starburst
D:10:     layout_cave_pods, vehumet_altar_wand_db, minmay_lair_entry_grove
Lair:1:   layout_regular_city
Lair:2:   layout_regular_city, palyth_hydra_swamp_entry, spider_nest_entry_webs,
          hangedman_tree_tricks, nicolae_lair_lil_pond, uniq_gastronok

Skill      XL: |  1  2  3  4  5  6  7  8  9 10 11 12 13 |
---------------+----------------------------------------+-----
Axes           | 3 6 7 8 10 12 13 | 13.6
Fighting       | 4 6 8 10 12 | 12.8
Armour         | 6 10 12 13 | 13.7
Shields        | 6 10 12 13 | 13.7

Action                   |  1- 3 |  4- 6 |  7- 9 | 10-12 | 13-15 || total
-------------------------+-------+-------+-------+-------+-------++-------
Melee: War axe           |    64 |       |       |       |       ||    64
       Hand axe          |    20 |    76 |   343 |   624 |   143 ||  1206
Throw: Dart              |       |       |       |     2 |       ||     2
Evoke: Wand              |       |       |       |       |     4 ||     4
  Use: Scroll            |       |     1 |    10 |     7 |     1 ||    19
       Potion            |       |       |     1 |     1 |     1 ||     3
 Stab: Sleeping          |       |       |     2 |       |       ||     2
       Distracted        |       |       |       |     2 |     1 ||     3
Armor: Scale mail        |    35 |    34 |    91 |       |       ||   160
       Steam dragon scal |       |       |    23 |   291 |    53 ||   367
Dodge: Dodged            |    54 |    25 |   147 |   302 |    52 ||   580
Block: Buckler           |    26 |    16 |    71 |   202 |    36 ||   351

Table legend: (Time is in decaauts)
 A = Elapsed time spent in this place.
 B = Non-inter-level travel time spent in this place.
 C = Inter-level travel time spent in this place.
 D = Time resting spent in this place.
 E = Time spent auto-exploring this place.
 F = Levels seen in this place.
 G = Mean time per level.
                   A        B        C        D        E       F      G
               +--------+--------+--------+--------+--------+-----+--------+
         Total |  11822 |  11403 |    419 |    373 |   7720 |  14 |  844.4 |
       Dungeon |   9656 |   9252 |    404 |    186 |   6726 |  10 |  965.6 |
          Lair |   1383 |   1369 |     14 |    140 |    792 |   2 |  691.5 |
       Ossuary |    235 |    235 |      0 |      0 |      0 |   1 |  235.0 |
        Bailey |    546 |    546 |      0 |     47 |    202 |   1 |  546.0 |
               +--------+--------+--------+--------+--------+-----+--------+

Top non-repeatable levels by time:
     D:9: 1184 daAuts
     D:6: 1155 daAuts
  Lair:1: 1089 daAuts
     D:1: 1038 daAuts
     D:5: 1026 daAuts
     D:2: 1015 daAuts
     D:4: 986 daAuts
    D:10: 949 daAuts
     D:8: 894 daAuts
     D:7: 883 daAuts
  Bailey: 546 daAuts
     D:3: 522 daAuts
  Lair:2: 294 daAuts
 Ossuary: 235 daAuts
